 Dungeon Crawl Stone Soup version 0.22-a0-479-gc6e99f3 (webtiles) character file.

81 Supahsalami the Skirmisher (level 4, -1/36 HPs)
             Began as a Demonspawn Abyssal Knight on June 15, 2018.
             Was a Follower of Lugonu.
             Slain by Grinder (6 damage)
             ... on level 3 of the Dungeon.
             The game lasted 00:08:56 (1963 turns).

Supahsalami the Skirmisher (DsAK)                   Turns: 1963, Time: 00:08:58

Health: -1/36      AC:  7    Str: 14    XL:     4   Next: 20%
Magic:  6/6        EV: 10    Int: 13    God:    Lugonu [*.....]
Gold:   47         SH:  0    Dex: 12    Spells: 3/3 levels left

rFire    . . .     SeeInvis .   a - +1 hand axe
rCold    . . .     Gourm    .   (no shield)
rNeg     . . .     Faith    .   e - +0 ring mail
rPois    .         Spirit   .   (no helmet)
rElec    .         Reflect  .   (no cloak)
rCorr    .         Harm     .   (no gloves)
MR       .....                  g - +1 pair of boots
Stlth    +.........             (no amulet)
HPRegen  0.12/turn              (no ring)
MPRegen  0.10/turn              (no ring)

@: no status effects
A: spiny 1
a: Depart the Abyss, Renounce Religion


You were on level 3 of the Dungeon.
You worshipped Lugonu.
Lugonu was aware of your devotion.
You were not hungry.

You visited 1 branch of the dungeon, and saw 3 of its levels.
You visited the Abyss 1 time.

You collected 47 gold pieces.

Inventory:

Hand Weapons
 a - a +1 hand axe (weapon)
Missiles
 b - 41 stones
 f - a tomahawk of returning (quivered)
Armour
 e - a +0 ring mail (worn)
 g - a +1 pair of boots (worn)
 k - a cursed -2 scale mail
 l - a +0 chain mail
Scrolls
 d - a scroll of identify
 m - a scroll of enchant weapon {unknown}
Potions
 j - a potion of lignification {unknown}
Comestibles
 c - 3 rations


   Skills:
 + Level 3.6 Fighting
 + Level 2.5 Axes
 + Level 2.5 Armour
 - Level 0.8 Dodging
 + Level 3.5 Invocations


You had 3 spell levels left.
You didn't know any spells.
Your spell library contained the following spells:

 Spells                   Type           Power        Failure   Level  Hunger
 Sublimation of Blood     Necr           #.........   67%         2    ###....
 Ignite Poison            Fire/Tmut/Pois #.......     88%         3    ####...
 Alistair's Intoxication  Tmut/Pois      #.......     100%        5    ######.
 Petrify                  Tmut/Erth      #.......     99%         4    #####..
 Irradiate                Conj/Tmut      #.........   100%        5    ######.


Dungeon Overview and Level Annotations

Branches:
Dungeon (3/15)

Altars:

Annotations:
D:2 Natasha, Sigmund
D:3 exclusion: upstairs, Grinder


Innate Abilities, Weirdness & Mutations

You are partially covered in sharp spines.


Message History

Lugonu accepts your kill. Grinder hits you but does no damage.
The goblin is struck by your spines.
You kill the goblin!
Lugonu accepts your kill.
You hit Grinder.
Grinder is moderately wounded.
Grinder hits you.
Grinder blinks!
Throwing (i - inventory. (/) - cycle)
f - 2 tomahawks of returning (quivered)
Press: ? - help, Shift-Dir - straight line, f - Grinder
Aim: Grinder (moderately wounded)
You throw a tomahawk of returning.
The tomahawk of returning barely misses Grinder.
The tomahawk of returning fails to return to your pack!
Grinder is struck by your spines. Grinder hits you.
You writhe in agony.
You hit Grinder.
Grinder is heavily wounded.
Grinder is struck by your spines. Grinder hits you!
* * * LOW HITPOINT WARNING * * *
You writhe in agony.
You die...

..................#
#..................#####
#......((...............
#........(..............
#..........†............
#.........†)............
#...................)...
#......5.............)..
#......@###########.....
#####.#.# #..... #.#.#
#..... #.# #..... #.#
#=.... #.# ###### #.#
#.# #..


You could see Grinder.

Vanquished Creatures
  Natasha (D:2)
  2 adders
  An ooze (D:1)
  A worm (D:2)
  2 dart slugs
  A leopard gecko (D:1)
  3 bats
  3 goblins
  6 hobgoblins
  A frilled lizard (D:1)
  A kobold (D:2)
  9 rats
31 creatures vanquished.

Vanquished Creatures (others)
  2 starspawn tentacles (Abyss:2)
2 creatures vanquished.

Grand Total: 33 creatures vanquished

Notes
Turn   | Place    | Note
-------+----------+-------------------------------------------
     0 | Abyss:1  | Supahsalami the Demonspawn Abyssal Knight began the quest for the Orb.
     0 | Abyss:1  | Reached XP level 1. HP: 18/18 MP: 2/2
    33 | Abyss:2  | Noticed a tentacled starspawn
    41 | Abyss:2  | Noticed an ancient lich
    57 | Abyss:3  | Found a corrupted altar of Lugonu.
    82 | Abyss:3  | Noticed a worldbinder
    82 | Abyss:3  | Noticed an ice dragon zombie
    84 | Abyss:3  | Noticed an ironheart preserver
    84 | Abyss:3  | Noticed a vault sentinel
    87 | Abyss:3  | Noticed a raiju
    89 | D:1      | Escaped the Abyss
   404 | D:1      | Gained mutation: You are partially covered in sharp spines. [demonic ancestry]
   404 | D:1      | Reached XP level 2. HP: 21/24 MP: 4/4
   481 | D:1      | Reached * piety under Lugonu
   795 | D:2      | Noticed Natasha
   931 | D:1      | Reached XP level 3. HP: 25/29 MP: 5/5
  1297 | D:2      | Killed Natasha
  1482 | D:2      | Noticed Natasha
  1580 | D:2      | Noticed Sigmund
  1880 | D:3      | Reached XP level 4. HP: 30/35 MP: 6/6
  1945 | D:3      | Noticed Grinder
  1951 | D:3      | Paralysed by Grinder for 3 turns
  1963 | D:3      | Slain by Grinder

Vault maps used:
D:1:      ebering_trefoil_3fold, minivault_24, grunt_decor_fettered,
          minmay_misc_feat_alley
D:2:      cheibrodos_gnoll_hut, uniq_sigmund, uniq_jessica, uniq_natasha
D:3:      uniq_grinder
Abyss:3:  onia_ninara_dug_in_and_dangerous

Skill      XL: |  1  2 |
---------------+-------+-----
Axes           | 2 |  2.5
Armour         | 2 |  2.5
Invocations    | 3 |  3.5
Fighting       | |  3.6
Dodging        | |  0.8

Action                   |  1- 3 |  4- 6 || total
-------------------------+-------+-------++-------
Melee: Hand axe          |    54 |     9 ||    63
Throw: Tomahawk          |     1 |     6 ||     7
Invok: Depart the Abyss  |     1 |       ||     1
  Use: Scroll            |     6 |     1 ||     7
  Eat: Chunk             |     3 |       ||     3
Armor: Ring mail         |    15 |     4 ||    19
Dodge: Dodged            |    20 |     1 ||    21

Table legend:
 A = Spawn XP
 B = Non-spawn XP
 C = Spawn XP percentage of total XP
 D = Spawn monster count
 E = Non-spawn monster count
 F = Spawn count percentage of total count
 G = Total turns spent on level
                    A         B        C        D         E        F      G
               +---------+---------+-------+---------+---------+-------+---------
         Total |       0 |     117 |   0.0 |       0 |      31 |   0.0 |  1963
               +---------+---------+-------+---------+---------+-------+---------
           D:1 |       0 |      31 |   0.0 |       0 |      15 |   0.0 |  1095
           D:2 |       0 |      61 |   0.0 |       0 |       8 |   0.0 |   403
           D:3 |       0 |      25 |   0.0 |       0 |       8 |   0.0 |   376
               +---------+---------+-------+---------+---------+-------+---------
